 Dungeon Crawl Stone Soup version 0.16.1-18-g436b03c (webtiles) character file.

550 Miyamura the Ducker (level 7, -1/45 HPs)
             Began as an Octopode Wizard on May 9, 2015.
             Slain by a centaur (9 damage)
             ... on level 5 of the Dungeon.
             The game lasted 00:41:44 (8837 turns).

Miyamura the Ducker (Octopode Wizard)               Turns: 8837, Time: 00:41:44

Health: -1/45      AC:  1    Str:  7    XL:     7   Next: 29%
Magic:  12/22      EV: 14    Int: 20    God:
Gold:   287        SH:  0    Dex: 12    Spells: 6 memorised, 1 level left

rFire  + . .     SeeInvis +     j - +0 hand axe
rCold  x . .     Clarity  .     (no shield)
rNeg   . . .     SustAb   .     b - +0 hat
rPois  .         Gourm    .     h - amulet of resist mutation
rElec  .         Spirit   .     i - ring of fire
rCorr  .         Warding  .     p - ring of protection from magic
rMut   +         Stasis   .     r - ring of magical power
MR     ++...                    F - ring of see invisible
Stlth  ++++......               (no ring)
                                (no ring)
                                (no ring)
                                (no ring)

@: very slightly contaminated, repel missiles, very resistant to hostile
enchantments, stealthy
A: almost no armour, amphibious, 8 rings, constrict 8, camouflage 1, low mp 1,
magic resistance 1, gelatinous body 1
a: no special abilities


You were on level 5 of the Dungeon.
You were hungry.

You visited 1 branch of the dungeon, and saw 7 of its levels.

You collected 287 gold pieces.

Inventory:

Hand weapons
 e - a +0 dagger
 j - a +0 hand axe (weapon)
Missiles
 f - 141 stones (quivered)
Armour
 b - a +0 hat (worn)
Magical staves
 s - an uncursed staff of conjuration {unknown}
Jewellery
 h - an amulet of resist mutation (around mantle)
 i - a ring of fire (left tentacle)
 p - a ring of protection from magic (right tentacle)
 r - a ring of magical power (on tentacle)
 F - a ring of see invisible (on tentacle)
 I - an uncursed ring of wizardry {unknown}
Magical devices
 v - a wand of flame (44)
 D - a wand of enslavement (0)
Scrolls
 g - 3 scrolls of remove curse
 m - a scroll of noise {unknown}
 t - a scroll of recharging {unknown}
 x - a scroll of blinking {unknown}
 E - a scroll of magic mapping {unknown}
 G - a scroll of identify
Potions
 l - a potion of might
 o - 4 potions of restore abilities
 z - a potion of cancellation
 A - a potion of brilliance {unknown}
 B - a potion of cure mutation {unknown}
Books
 c - a book of Minor Magic

   Spells                             Type                      Level
   a - Magic Dart                     Conjuration                  1
   b - Blink                          Translocation                2
   c - Call Imp                       Summoning                    2
   d - Repel Missiles                 Charms/Air                   2
   e - Slow                           Hexes                        2
   f - Conjure Flame                  Conjuration/Fire             3
   g - Mephitic Cloud                 Conjuration/Poison/Air       3
 C - a book of Hinderance

   Spells                             Type                      Level
   a - Confusing Touch                Hexes                        2
   b - Confuse                        Hexes                        3
   c - Petrify                        Transmutation/Earth          4
   d - Metabolic Englaciation         Hexes/Ice                    5
   e - Gell's Gravitas                Hexes/Translocation          5
   f - Summon Mana Viper              Hexes/Summoning              5
Comestibles
 a - 7 meat rations
 d - 5 bread rations
 q - a beef jerky


   Skills:
 + Level 2.9 Fighting
 * Level 4.8 Dodging
 - Level 4.0 Stealth
 + Level 3.8 Spellcasting
 + Level 2.9 Conjurations
 + Level 2.4 Summonings
 - Level 1.0 Translocations


You had one spell level left.
You knew the following spells:

 Your Spells              Type           Power        Failure   Level  Hunger
a - Magic Dart            Conj           ###.         4%          1    None
b - Blink                 Tloc           N/A          17%         2    ##.....
c - Call Imp              Summ           ##......     10%         2    ##.....
m - Mephitic Cloud        Conj/Pois/Air  #.......     30%         3    ###....
r - Repel Missiles        Chrm/Air       #.....       24%         2    ##.....
s - Slow                  Hex            #.......     24%         2    ##.....


Dungeon Overview and Level Annotations

Branches:
Dungeon (7/15)
 Temple: D:4-7

Altars:
Qazlal

Shops:
D:5 =


Innate Abilities, Weirdness & Mutations

You cannot wear most types of armour.
You are amphibious.
You can wear up to eight rings at the same time.
You can use your tentacles to constrict many enemies at once.
Your skin changes colour to match your surroundings (Stealth).
Your rubbery body absorbs attacks (AC +1).
Your magical capacity is low (-10% MP).
You are resistant to hostile enchantments.


Message History

Press: ? - help, Shift-Dir - straight line, f/p - centaur
Aim: a centaur (lightly wounded, chance 46%)
The centaur resists with some effort.
Evoking this partially-identified wand wasted a few charges.
The centaur completely misses you. The centaur hits you.
* * * LOW HITPOINT WARNING * * *
Your white imp hits the centaur.
Your white imp freezes the centaur.
Evoke which item? (* to show all) (? for menu, Esc to quit)
Zapping:
D - a wand of enslavement {zapped: 5} (will waste charges)
Press: ? - help, Shift-Dir - straight line, f/p - centaur
Aim: a centaur (heavily wounded, chance 46%) Nothing appears to happen.
The centaur closely misses you.
Your white imp gestures at the centaur.
The puff of frost hits the centaur.
Your crimson imp hits the centaur.
You are too injured to fight recklessly!
You are too injured to fight recklessly!
You hit the centaur but do no damage.
The centaur is severely wounded.
The centaur barely misses you. The centaur hits you!
You die...

#.# ##.####.....## ##..##
#.# #............###..##
#.## #................##
#..# #.........####.###
#..# #........## ###
#..### #.......##
#....#####..5..##
##.....[....5c..#### #
##...........@.....###
###
#.........##.........##
#..
##..#....####..........##
#.. ##..###..##
#...........## #.. ##.###
##..# #........[...## #..
#.## #..##
##............###.# ..#
##..## ##............##..
.## #...#
##............... .##
#...# ##..............


You could see a centaur, a friendly crimson imp and a friendly white imp.

Vanquished Creatures
  Eustachio (D:4)
  A sky beast (D:4)
  A goliath beetle (D:6)
  Ijyb (D:4)
  A gnoll (D:4)
  2 adders
  An adder zombie (D:5)
  An ooze (D:1)
  An orc (D:5)
  9 bats
  A bat skeleton (D:5)
  3 giant cockroaches
  10 goblins
  8 hobgoblins
  2 jackals
  14 kobolds
  3 quokkas
  3 giant geckos
  A giant gecko zombie (D:7)
  5 giant newts
  14 rats
83 creatures vanquished.

Vanquished Creatures (collateral kills)
  An ice beast (D:7)
  2 ogres
  A hound (D:5)
  An orc priest (D:4)
  A giant frog skeleton (D:5)
  3 worker ants (D:3)
  Terence (D:2)
  5 adders
  A gnoll (D:4)
  A shadow imp (D:6)
  A worm (D:3)
  2 orcs (D:4)
  A giant cockroach (D:6)
  A hobgoblin (D:4)
  A quokka (D:2)
  2 bats
  A giant gecko (D:1)
  A giant newt (D:3)
  A goblin (D:2)
  4 jackals
  3 kobolds
  A rat (D:3)
36 creatures vanquished.

Vanquished Creatures (others)
  2 crimson imps
  3 shadow imps
  7 white imps
12 creatures vanquished.

Grand Total: 131 creatures vanquished

Notes
Turn   | Place    | Note
--------------------------------------------------------------
     0 | D:1      | Miyamura, the Octopode Wizard, began the quest for the Orb.
     0 | D:1      | Reached XP level 1. HP: 11/11 MP: 4/4
   684 | D:1      | Reached XP level 2. HP: 10/18 MP: 0/6
   818 | D:1      | Learned a level 2 spell: Call Imp
  1728 | D:2      | Noticed Terence
  1739 | D:2      | Killed Terence
  1739 | D:2      | Reached XP level 3. HP: 22/22 MP: 1/8
  1830 | D:2      | Found a stormy altar of Qazlal.
  1989 | D:2      | Reached skill level 1 in Fighting
  3163 | D:3      | Reached XP level 4. HP: 13/28 MP: 2/9
  3857 | D:3      | Learned a level 2 spell: Blink
  3860 | D:3      | Learned a level 2 spell: Repel Missiles
  4157 | D:4      | Noticed Ijyb
  4302 | D:3      | Reached XP level 5. HP: 11/33 MP: 11/11
  4552 | D:4      | Killed Ijyb
  4552 | D:4      | Reached skill level 4 in Stealth
  4852 | D:4      | Learned a level 3 spell: Mephitic Cloud
  4865 | D:4      | Noticed Eustachio
  5791 | D:4      | Killed Eustachio
  5791 | D:4      | Reached XP level 6. HP: 17/39 MP: 13/13
  6190 | D:4      | Learned a level 2 spell: Slow
  6367 | D:5      | Entered Level 5 of the Dungeon
  6830 | D:5      | Found Ecuf Lausi's Jewellery Shop.
  7188 | D:4      | Gained mutation: You are resistant to hostile enchantments. [mutagenic meat]
  7189 | D:4      | Gained mutation: Your magical capacity is low (-10% MP). [mutagenic meat]
  8024 | D:6      | Noticed a hippogriff
  8243 | D:6      | Reached XP level 7. HP: 45/45 MP: 13/13
  8460 | D:7      | Noticed a hippogriff
  8837 | D:5      | Slain by a centaur

Action                   |  1- 3 |  4- 6 |  7- 9 || total
-------------------------+-------+-------+-------++-------
Melee: Dagger            |     8 |       |       ||     8
       Hand axe          |    47 |    99 |    20 ||   166
 Cast: Magic Dart        |    41 |    10 |       ||    51
       Call Imp          |    16 |    69 |    15 ||   100
       Mephitic Cloud    |       |     1 |       ||     1
       Blink             |       |       |     5 ||     5
       Repel Missiles    |       |       |     1 ||     1
Evoke: Wand              |       |       |     2 ||     2
  Use: Scroll            |     4 |     3 |     3 ||    10
       Potion            |       |     3 |     9 ||    12
 Stab: Sleeping          |     2 |     9 |     2 ||    13
       Distracted        |       |     3 |       ||     3
       Confused          |       |     1 |       ||     1
  Eat: Chunk             |     7 |    20 |     2 ||    29
       Beef jerky        |       |       |     1 ||     1
